 Dungeon Crawl Stone Soup version 0.30-a0-847-g17996783a1 (webtiles) character file.

Game seed: 13598451187088957744

127 qeuew the Slasher (level 5, 40/40 HPs)
             Began as a Merfolk Gladiator on Mar 3, 2023.
             Quit the game on level 3 of the Dungeon.
             The game lasted 00:03:38 (2293 turns).

qeuew the Slasher (Merfolk Gladiator)               Turns: 2293, Time: 00:03:38

Health: 40/40      AC:  5    Str: 13 (14) XL:     5   Next: 11%
Magic:  4/4        EV: 13    Int:  7      God:
Gold:   156        SH:  0    Dex: 15 (16) Spells: 4/4 levels left

rFire   + . .      SeeInvis .    a - +0 long sword
rCold   + . .      Faith    .    (no shield)
rNeg    . . .      Spirit   .    b - +1 leather armour
rPois   +          Reflect  .    c - +0 helmet
rElec   +          Rampage  .    (no cloak)
rCorr   +                        (no gloves)
Will    .....                    (no boots)
Stlth   +                        (no amulet)
HPRegen 0.26/turn                (no ring)
MPRegen 0.09/turn                (no ring)

@: resistant
A: (nimble swimmer 2), mertail, clumsy 1, deterioration 1, low MP 1, no potion
heal 1
a: no special abilities


You were on level 3 of the Dungeon.
You visited 1 branch of the dungeon, and saw 3 of its levels.

You collected 156 gold pieces.

Inventory:

Hand Weapons
 a - a +0 long sword (weapon)
Missiles
 d - 4 throwing nets (quivered)
 e - a javelin
Armour
 b - a +1 leather armour (worn)
 c - a +0 helmet (worn)
Jewellery
 p - an amulet of the acrobat
Wands
 g - a wand of digging (6)
Scrolls
 h - 2 scrolls of teleportation
 m - a scroll of enchant armour
Potions
 f - 4 potions of ambrosia
 i - 2 potions of heal wounds
 j - a potion of resistance
 k - 2 potions of might
 l - a potion of curing
 o - a potion of invisibility


   Skills:
 + Level 2.8 Fighting
 * Level 4.7 Long Blades
 * Level 3.1 Throwing
 + Level 1.1 Armour
 + Level 4.7 Dodging


You had 4 spell levels left.
You didn't know any spells.
Your spell library contained the following spells:

 Spells                   Type           Power      Damage    Failure   Level
 Blink                    Tloc           0%         N/A       65%         2
 Ensorcelled Hibernation  Hex/Ice        0%         N/A       65%         2
 Lesser Beckoning         Tloc           0%         N/A       65%         2
 Momentum Strike          Conj/Tloc      0%         3d8       65%         2
 Passwall                 Tmut/Erth      0%         N/A       65%         2
 Hailstorm                Conj/Ice       0%         3d3       87%         3
 Swiftness                Air            0%         N/A       87%         3
 Fireball                 Conj/Fire      0%         3d3       100%        5
 Spellforged Servitor     Conj/Summ      0%         N/A       100%        7


Dungeon Overview and Level Annotations

Branches:
Dungeon (3/15)

Altars:
Vehumet


Innate Abilities, Weirdness & Mutations

((You are very nimble when in or above water. (Stealth+, EV+, Speed+++)))
Your lower body shifts to a powerful aquatic tail in water.
You are clumsy. (Dex -2)
Your body sometimes deteriorates upon taking damage.
Your magical capacity is low. (-10% MP)
Potions are less effective at restoring your health.


Message History

You hit the kobold but do no damage. The kobold hits you but does no damage.
The kobold misses you.
You hit the kobold but do no damage. The kobold barely misses you.
You slash the kobold!
You kill the kobold!
No target in view!
A bat comes into view.
Found a stone staircase leading up.
The bat moves out of view.
p - an amulet of the acrobat
h - 2 scrolls of teleportation (gained 1)
Items here: ( ) [ †.
Found a stone staircase leading down.
No target in view!
No target in view!
No target in view!
No target in view!
A bat is nearby!
A bat is nearby!
A bat is nearby!
The bat hits you but does no damage. The bat hits you but does no damage.
The bat hits you but does no damage.
You slash the bat!
You kill the bat!
No target in view!
No target in view!
No target in view!
No target in view!
Done exploring.
Done exploring.
Done exploring.
Okay, then.
It was a potion of resistance.
You feel protected.
Really quaff the potion of mutation?
You feel extremely strange.
Your fingernails shrink to normal size.
You feel clever.
You feel clumsy.
Your system partially rejects the healing effects of potions.
You feel yourself wasting away.
Are you sure you want to abandon this character and quit the game? (Confirm with "yes".)

#....##.#....#.##....##...).
#...#.##......##.#..........
#..#.#..........#.#.........
#..##...†...)....##.........
#.#................#........
#...........................
#######.........###.........
#.........# #.....>...
#....@....###.........
#.........##..........
#...<.....##.#.######.
#.........#....# #.
#####........### #.
#........# ## #.......># #
#........# # #........# #


There were no monsters in sight!

Vanquished Creatures
  7 adders
  4 dart slugs
  3 orcs (D:3)
  A ball python (D:2)
  4 bats
  2 endoplasms (D:1)
  3 goblins
  5 hobgoblins
  8 jackals (D:3)
  2 quokkas (D:1)
  2 frilled lizards
  6 kobolds
  7 rats
54 creatures vanquished.

Notes
Turn   | Place    | Note
-------+----------+-------------------------------------------
     0 | D:1      | qeuew the Merfolk Gladiator began the quest for the Orb.
     0 | D:1      | Reached XP level 1. HP: 16/16 MP: 1/1
   129 | D:1      | Reached XP level 2. HP: 22/22 MP: 2/2
   696 | D:1      | Gained mutation: Your magical capacity is low. (-10% MP)
                  | [potion of mutation]
   696 | D:1      | Gained mutation: You have sharp fingernails. [potion of
                  | mutation]
   696 | D:1      | Gained mutation: You are dopey. (Int -2) [potion of
                  | mutation]
   728 | D:2      | Reached XP level 3. HP: 21/28 MP: 2/2
  1023 | D:2      | Reached XP level 4. HP: 29/34 MP: 3/3
  1163 | D:2      | Found a faded altar of an unknown god.
  1663 | D:3      | Reached skill level 1 in Armour
  1882 | D:3      | Found a radiant altar of Vehumet.
  2010 | D:3      | Got the Treatise on Coruscating Malediction
  2121 | D:3      | Reached XP level 5. HP: 39/39 MP: 4/4
  2292 | D:3      | Lost mutation: You have sharp fingernails. [potion of
                  | mutation]
  2292 | D:3      | Lost mutation: You are dopey. (Int -2) [potion of mutation]
  2292 | D:3      | Gained mutation: You are clumsy. (Dex -2) [potion of
                  | mutation]
  2292 | D:3      | Gained mutation: Potions are less effective at restoring
                  | your health. [potion of mutation]
  2292 | D:3      | Gained mutation: Your body sometimes deteriorates upon
                  | taking damage. [potion of mutation]
  2293 | D:3      | Quit the game

Illustrated notes

Levels and vault maps discovered:
D:1:      minmay_arrival_solitary_statue, layout_loops_ring, dk_noncrumbling_3
D:2:      layout_basic, hellmonk_ecumenical_altar_heavens_door
D:3:      layout_rooms, mainiacjoe_overflow_paths,
          minmay_misc_feat_secret_circle

Skill      XL: |  1  2  3  4 |
---------------+-------------+-----
Long Blades    | 4 |  4.7
Armour         | 1 |  1.1
Throwing       | 3 |  3.1
Fighting       | |  2.8
Dodging        | |  4.7

Action                     |  1- 3 |  4- 6 || total
---------------------------+-------+-------++-------
  Melee: Long sword        |    62 |   110 ||   172
    Use: Scroll            |     5 |     2 ||     7
         Potion            |     2 |     7 ||     9
   Stab: Sleeping          |     2 |       ||     2
 Armour: Leather armour    |    11 |    62 ||    73
  Dodge: Dodged            |    38 |   114 ||   152

Table legend: (Time is in decaauts)
 A = Elapsed time spent in this place.
 B = Non-inter-level travel time spent in this place.
 C = Inter-level travel time spent in this place.
 D = Time resting spent in this place.
 E = Time spent auto-exploring this place.
 F = Levels seen in this place.
 G = Mean time per level.
                   A        B        C        D        E       F      G
               +--------+--------+--------+--------+--------+-----+--------+
         Total |   2323 |   2291 |     32 |      0 |   1880 |   3 |  774.3 |
       Dungeon |   2323 |   2291 |     32 |      0 |   1880 |   3 |  774.3 |
               +--------+--------+--------+--------+--------+-----+--------+

Top non-repeatable levels by time:
     D:2: 927 daAuts
     D:1: 727 daAuts
     D:3: 668 daAuts
